 Dungeon Crawl Stone Soup version 0.18.1-48-g4cf74bf (webtiles) character file.

336 Melfield the Ducker (level 6, -1/61 HPs)
             Began as a Troll Berserker on Aug 11, 2016.
             Was a Priest of Trog.
             Slain by an ice beast (7 damage)
             ... on level 4 of the Dungeon.
             The game lasted 00:09:49 (1674 turns).

Melfield the Ducker (Troll Berserker)               Turns: 1674, Time: 00:09:58

Health: -1/61      AC:  5    Str: 26    XL:     6   Next: 28%
Magic:  5/5        EV: 11    Int:  3    God:    Trog [***...]
Gold:   72         SH:  0    Dex: 11    Spells: 0 memorised, 5 levels left

rFire  . . .     SeeInvis .     a - +0 mace
rCold  . . .     Gourm    +     b - +0 animal skin
rNeg   . . .     Faith    .     (no shield)
rPois  .         Spirit   .     (helmet restricted)
rElec  .         Dismiss  .     (no cloak)
rCorr  .         Reflect  .     (gloves unavailable)
SustAt .         Harm     +     (boots unavailable)
MR     .....                    f - amulet of harm
Stlth  +.........               (no ring)
                                (no ring)

@: not resistant to hostile enchantments, very unstealthy
A: unfitting armour, claws 3, fast metabolism 3, gourmand, regeneration 2,
shaggy fur 1, tough skin 2
a: Berserk, Trog's Hand, Burn Spellbooks, Renounce Religion


You were on level 4 of the Dungeon.
You worshipped Trog.
Trog was most pleased with you.
You were not hungry.

You visited 2 branches of the dungeon, and saw 6 of its levels.

You collected 72 gold pieces.

Inventory:

Hand Weapons
 a - a +0 mace (weapon)
Armour
 b - a +0 animal skin (worn)
Jewellery
 f - an amulet of harm (around neck)
Wands
 h - a wand of flame (8/48)
 o - a wand of lightning (4/15)
Scrolls
 e - a scroll of magic mapping {unknown}
 i - 2 scrolls of identify {unknown}
 j - a scroll of enchant weapon {unknown}
 n - a scroll of recharging {unknown}
Potions
 k - a potion of magic {unknown}
 l - a potion of curing {unknown}
 m - a potion of agility {unknown}
Comestibles
 g - a slice of pizza
 p - a meat ration


   Skills:
 + Level 3.6 Fighting
 + Level 3.8 Maces & Flails
 + Level 4.5 Dodging
 + Level 0.1 Stealth


You had 5 spell levels left.
You didn't know any spells.

Dungeon Overview and Level Annotations

Branches:
Dungeon (5/15)             Temple (1/1) D:4

Altars:
Ashenzari
Cheibriados
Dithmenos
Elyvilon
Fedhas
Gozag
Kikubaaqudgha
Makhleb
Nemelex Xobeh
Okawaru
Pakellas
Qazlal
Sif Muna
Trog
Vehumet
Xom
Yredelemnul
Zin

Annotations:
D:4 Robin
D:5 Dowan, Duvessa


Innate Abilities, Weirdness & Mutations

You are too large for most types of armour.
You have claws for hands.
Your metabolism is lightning-fast.
You like to eat raw meat.
You heal very quickly.
You are covered in fur (AC +1).
You have very tough skin (AC +2).


Message History

The goblin misses you.
You hit the ice beast.
The ice beast is heavily wounded.
The goblin hits you but does no damage. The ice beast barely misses you.
The goblin hits you.
* * * LOW HITPOINT WARNING * * *
Eat which item? (? for menu, Esc to quit)
The goblin no longer looks unusually strong.
The goblin hits you but does no damage.
Robin's bangles clink loudly.
The ice beast closely misses you. The goblin barely misses you.
You continue eating.
The goblin no longer looks unusually strong. x2
The hobgoblin no longer looks unusually strong.
The goblin hits you with a club.
* * * LOW HITPOINT WARNING * * *
The ice beast hits you.
* * * LOW HITPOINT WARNING * * *
The ice beast freezes you.
You die...

........#
#..#...#Y.#
####...## #....#..
># ##.....##
#..#...#..#
##.......##
#..#....#
#.........####...##
'....รท....'....gg.#
#.........####ggg##
##.......## ##gY#
##.....## ##@#
##...## #g# ##'##
#.# #.# #.# #.###
#.# #####.#.## #.#
.>.......#### #.#
###>......... ..#
##.....####


You could see an ice beast, Robin, a hobgoblin and 5 goblins.

Vanquished Creatures
  A scorpion (D:4)
  An orc priest (D:3)
  A hound (D:4)
  An orc wizard (D:4)
  2 worker ants (D:4)
  A hound skeleton (D:4)
  4 adders
  5 oozes (D:1)
  An adder skeleton (D:4)
  A worm (D:1)
  A dart slug (D:4)
  A giant gecko (D:2)
  6 orcs
  6 giant cockroaches
  7 goblins
  5 hobgoblins
  7 jackals (D:1)
  A quokka (D:2)
  2 ball pythons (D:3)
  4 bats
  A giant gecko skeleton (D:4)
  3 giant newts
  3 kobolds
  8 rats
73 creatures vanquished.

Notes
Turn   | Place    | Note
--------------------------------------------------------------
     0 | D:1      | Melfield the Troll Berserker began the quest for the Orb.
     0 | D:1      | Reached XP level 1. HP: 22/22 MP: 0/0
     1 | D:1      | Found a runed door.
    22 | D:1      | Reached XP level 2. HP: 29/29 MP: 1/1
    34 | D:1      | Reached XP level 3. HP: 30/36 MP: 2/2
    52 | D:1      | Reached ** piety under Trog
   505 | D:2      | Reached skill level 3 in Dodging
   528 | D:2      | Reached XP level 4. HP: 31/45 MP: 3/3
   585 | D:2      | Found a basalt altar of Yredelemnul.
   839 | D:3      | Reached *** piety under Trog
   852 | D:3      | Reached XP level 5. HP: 26/53 MP: 4/4
   878 | D:3      | Found a radiant altar of Vehumet.
   878 | D:3      | Found an opulent altar of Gozag.
   878 | D:3      | Found a stormy altar of Qazlal.
   879 | D:3      | Found an ancient bone altar of Kikubaaqudgha.
   944 | D:3      | Found a shadowy altar of Dithmenos.
  1094 | D:4      | Reached skill level 4 in Dodging
  1319 | D:4      | Found a staircase to the Ecumenical Temple.
  1340 | Temple   | Entered the Ecumenical Temple
  1430 | D:4      | Reached XP level 6. HP: 54/61 MP: 5/5
  1581 | D:5      | Entered Level 5 of the Dungeon
  1581 | D:5      | Noticed Duvessa
  1581 | D:5      | Noticed Dowan
  1598 | D:4      | Paralysed by fainting for 9 turns
  1642 | D:4      | Noticed an ice beast
  1645 | D:4      | Noticed Robin
  1674 | D:4      | Slain by an ice beast

Skill      XL: |  1  2  3  4  5 |
---------------+----------------+-----
Maces & Flails | 3 |  3.8
Fighting       | 3 |  3.6
Dodging        | 3 4 |  4.5
Stealth        | |  0.1

Action                   |  1- 3 |  4- 6 || total
-------------------------+-------+-------++-------
Melee: Mace              |   112 |   160 ||   272
Invok: Berserk           |     1 |     2 ||     3
  Eat: Bread ration      |     1 |     3 ||     4
       Beef jerky        |       |     1 ||     1
Armor: Animal skin       |    84 |    72 ||   156
Dodge: Dodged            |    98 |   151 ||   249
